 Dungeon Crawl Stone Soup version 0.16.1-7-g2c6721e (webtiles) character file.

216 kobby the Shield-Bearer (level 6, -1/48 HPs)
             Began as a Human Fighter on Mar 29, 2015.
             Slain by an orc (3 damage)
             ... on level 4 of the Dungeon.
             The game lasted 00:11:48 (3188 turns).

kobby the Shield-Bearer (Human Fighter)             Turns: 3188, Time: 00:11:49

Health: -1/48      AC:  8    Str: 16    XL:     6   Next: 16%
Magic:  0/6        EV:  6    Int:  9    God:
Gold:   182        SH: 13    Dex: 14    Spells: 0 memorised, 5 levels left

rFire  . . .     SeeInvis .     a - +0 long sword
rCold  . . .     Clarity  .     b - +0 scale mail
rNeg   + . .     SustAb   .     j - +0 large shield
rPois  +         Gourm    .     (no helmet)
rElec  .         Spirit   +     r - +0 cloak
rCorr  .         Warding  .     (no gloves)
rMut   .         Stasis   .     (no boots)
MR     .....                    f - amulet of guardian spirit
Stlth  ..........               q - ring of poison resistance
                                o - ring of positive energy

@: not resistant to hostile enchantments, extremely unstealthy
A: no striking features
a: no special abilities


You were on level 4 of the Dungeon.
You were very hungry.

You visited 2 branches of the dungeon, and saw 5 of its levels.

You collected 182 gold pieces.

Inventory:

Hand weapons
 a - a +0 long sword (weapon)
Armour
 b - a +0 scale mail (worn)
 c - a +0 shield
 i - a +0 chain mail
 j - a +0 large shield (worn)
 r - a +0 cloak (worn)
Jewellery
 f - an amulet of guardian spirit (around neck)
 k - an uncursed ring of positive energy
 o - a ring of positive energy (left hand)
 q - a ring of poison resistance (right hand)
Scrolls
 g - a scroll of fog
 l - a scroll of remove curse
 m - a scroll of identify
 n - a scroll of teleportation
 p - a scroll of amnesia
Potions
 e - a potion of might
 h - a potion of brilliance
 s - a potion of heal wounds {unknown}
 t - a potion of restore abilities
Comestibles
 d - 2 bread rations


   Skills:
 + Level 3.7 Fighting
 + Level 2.8 Long Blades
 + Level 4.1 Armour
 + Level 1.8 Dodging
 + Level 4.2 Shields


You had 5 spell levels left.
You didn't know any spells.

Dungeon Overview and Level Annotations

Branches:
Dungeon (4/15)             Temple (1/1) D:4

Altars:
Ashenzari
Cheibriados
Dithmenos
Elyvilon
Fedhas
Gozag
Kikubaaqudgha
Nemelex Xobeh
Ru
Sif Muna
Trog
Vehumet
Zin
The Shining One


Message History

You hit the orc priest but do no damage.
The orc priest is lightly wounded.
The hound bites you.
The orc priest invokes the aid of Beogh against you.
Something smites you!
* * * LOW HITPOINT WARNING * * *
The orc hits you.
* * * LOW HITPOINT WARNING * * *
The orc hits you but does no damage. You block the giant newt's attack.
You block the orc priest's attack. The hound bites you.
* * * LOW HITPOINT WARNING * * *
The orc hits you.
* * * LOW HITPOINT WARNING * * *
You barely miss the orc priest.
The orc priest is lightly wounded.
The hound bites you but does no damage. You block the giant newt's attack.
You block the orc's attack.
The orc priest hits you but does no damage.
The hound barely misses you. The orc hits you.
You die...

..###.....))<...###.
#.....##).#......
#...#.##.##..##.
#..##.##.##.##
#..#.....)...##.##
##......÷.........
###..⌠...⌠..#..##
...##..l......#...
......{o@o........
(...#..o.h....#... .
#..⌠...⌠..#.#
..............#
...#.........#.# .
##.##.##.## .. #.#
.# ... ..< .# ##.


You could see a hound, an orc priest, 2 orcs and a giant newt.

Vanquished Creatures
  A giant frog (D:3)
  4 gnolls (D:4)
  3 adders
  A worm (D:3)
  4 giant geckos
  An orc (D:4)
  12 bats
  5 giant cockroaches
  9 goblins
  7 hobgoblins
  4 jackals
  6 giant newts
  6 kobolds
  A quokka (D:3)
  9 rats
73 creatures vanquished.

Notes
Turn   | Place    | Note
--------------------------------------------------------------
     0 | D:1      | kobby, the Human Fighter, began the quest for the Orb.
     0 | D:1      | Reached XP level 1. HP: 18/18 MP: 1/1
   373 | D:1      | Reached XP level 2. HP: 24/24 MP: 2/2
   760 | D:1      | Reached XP level 3. HP: 29/29 MP: 3/3
  1070 | D:2      | Reached XP level 4. HP: 35/35 MP: 4/4
  1223 | D:3      | Noticed a giant frog
  1244 | D:3      | Killed a giant frog
  1244 | D:3      | Reached skill level 1 in Dodging
  1244 | D:3      | Reached XP level 5. HP: 21/41 MP: 2/5
  1280 | D:3      | Reached skill level 4 in Armour
  1556 | D:3      | Found a shadowy altar of Dithmenos.
  1647 | D:3      | Found a glowing golden altar of the Shining One.
  1877 | D:3      | Found a snail-covered altar of Cheibriados.
  2005 | D:3      | Found a sparkling altar of Nemelex Xobeh.
  2264 | D:4      | Found a staircase to the Ecumenical Temple.
  2297 | D:4      | HP: 2/41 [gnoll/halberd (6)]
  2309 | D:3      | Reached XP level 6. HP: 6/47 MP: 2/6
  2942 | D:4      | Noticed a sky beast
  2942 | Temple   | Entered the Ecumenical Temple
  3187 | D:4      | HP: 2/48 [orc (3)]
  3188 | D:4      | Slain by an orc

Action                   |  1- 3 |  4- 6 || total
-------------------------+-------+-------++-------
Melee: Long sword        |   108 |   192 ||   300
  Use: Scroll            |     5 |     2 ||     7
       Potion            |       |     3 ||     3
  Eat: Beef jerky        |       |     1 ||     1
       Meat ration       |       |     1 ||     1
